 Dungeon Crawl Stone Soup version 0.18.1-8-gdd0e5ea (webtiles) character file.

706070 Krapule the Slayer (level 27, -4/189 HPs)
             Began as a Minotaur Hunter on May 27, 2016.
             Was the Champion of Cheibriados.
             Killed from afar by an orb of fire (18 damage)
             ... with a fireball
             ... on level 5 of the Realm of Zot on May 29, 2016.
             The game lasted 07:47:41 (80218 turns).

Krapule the Slayer (Minotaur Hunter)               Turns: 80218, Time: 07:47:42

Health: -4/189     AC: 45    Str: 45    XL:     27
Magic:  12/32      EV: 32    Int: 36    God:    Cheibriados [******]
Gold:   4071       SH:  0    Dex: 32    Spells: 7 memorised, 25 levels left

rFire  + . .     SeeInvis +     b - +1 great mace of Modesty {crush, rElec rPois Int+9}
rCold  + . .     Gourm    .     d - +8 gold dragon armour
rNeg   + + .     Faith    .     (shield currently unavailable)
rPois  +         Spirit   .     Q - +2 hat {SInv}
rElec  +         Dismiss  .     G - +1 cloak "Qoshar" {*Contam Str+3 Int+4}
rCorr  .         Reflect  .     V - +2 pair of gloves {Dex+3}
SustAt +         Harm     .     c - +0 pair of boots "Nos Xer" {MR++}
MR     ++++.                    h - amulet of regeneration
Stlth  ..........               s - ring of Cith {SustAt *Drain rElec rPois rN++}
                                W - ring "Gimp" {+Inv Slay+6 Stlth+}

@: confused, regenerating, very slow, incredibly resistant to hostile
enchantments, extremely unstealthy
A: retaliatory headbutt, horns 2, blurry vision 1, deterioration 2, frail 3, low
mp 1, MP-powered wands
a: Bend Time, Temporal Distortion, Slouch, Step From Time, Renounce Religion,
Evoke Invisibility
}: 3/15 runes: barnacled, silver, gossamer


You were on level 5 of the Realm of Zot.
You worshipped Cheibriados.
Cheibriados was exalted by your worship.
You were hungry.

You visited 12 branches of the dungeon, and saw 56 of its levels.
You also visited: Ice Cave and Wizlab.

You collected 9328 gold pieces.
You spent 5257 gold pieces at shops.

Inventory:

Hand Weapons
 a - the +6 arbalest "Jeoh" {penet, rF+++ MR+++ Dex-3 Stlth+}
   (You found it on level 3 of the Elven Halls)

   Ammo fired by it will pass through the targets it hits, potentially hitting
   all targets in its path until it reaches maximum range.
   It affects your dexterity (-3).
   It renders you almost immune to fire.
   It affects your resistance to hostile enchantments.
   It makes you more stealthy.
 b - the +1 great mace of Modesty (weapon) {crush, rElec rPois Int+9}
   (You found it in an ice cave)

   It inflicts extra damage upon your enemies.
   It affects your intelligence (+9).
   It insulates you from electricity.
   It protects you from poison.
Missiles
 n - 2629 bolts
Armour
 c - the +0 pair of boots "Nos Xer" (worn) {MR++}
   (You acquired it on level 3 of the Shoals)

   It affects your resistance to hostile enchantments.
 d - a +8 gold dragon armour (worn)
 q - a +2 cloak of magic resistance
 G - the +1 cloak "Qoshar" (worn) {*Contam Str+3 Int+4}
   (You found it on level 5 of the Vaults)

   It affects your strength (+3).
   It affects your intelligence (+4).
   It causes magical contamination when unequipped.
 Q - a +2 hat of see invisible (worn)
 V - a +2 pair of gloves of dexterity (worn)
Rods
 K - a -1 rod of shadows (14/14)
   (You found it on level 6 of the Lair of Beasts)
Jewellery
 e - the ring of Eternal Harmony {rElec rC+ Dex+2 Stlth+}
   (You found it on level 3 of the Depths)

   [ring of protection from cold]

   It affects your dexterity (+2).
   It protects you from cold.
   It insulates you from electricity.
   It makes you more stealthy.
 h - an amulet of regeneration (around neck)
 o - a cursed +1 ring of slaying {unknown}
 s - the ring of Cith (right hand) {SustAt *Drain rElec rPois rN++}
   (You took it off a deep elf demonologist on level 3 of the Elven Halls)

   [ring of sustain attributes]

   It sustains your strength, intelligence and dexterity.
   It insulates you from electricity.
   It protects you from poison.
   It greatly protects you from negative energy.
   It causes draining when unequipped.
 v - an uncursed ring of teleportation
 M - the ring of Ujaostaxt {SustAt rF++ MP+9 Str-4 Stlth+}
   (You took it off a vault warden on level 5 of the Vaults)

   [ring of sustain attributes]

   It sustains your strength, intelligence and dexterity.
   It affects your strength (-4).
   It greatly protects you from fire.
   It affects your magic capacity (+9).
   It makes you more stealthy.
 U - the ring "Ubavae" {rC+ rN+++ Int-3 Dex+3 Slay+2}
   (You took it off a vampire knight on level 3 of the Depths)

   [ring of protection from cold]

   It affects your intelligence (-3).
   It affects your dexterity (+3).
   It affects your accuracy and damage with ranged weapons and melee attacks
   (+2).
   It protects you from cold.
   It renders you almost immune to negative energy.
 W - the ring "Gimp" (left hand) {+Inv Slay+6 Stlth+}
   (You took it off a deep elf mage on level 3 of the Elven Halls)

   [ring of stealth]

   It affects your accuracy and damage with ranged weapons and melee attacks
   (+6).
   It lets you turn invisible.
   It makes you more stealthy.
 Z - the ring "Weplah" {rCorr +Blink rF- Str+8 Dex+3}
   (You found it on level 3 of the Depths)

   [ring of resist corrosion]

   It affects your strength (+8).
   It affects your dexterity (+3).
   It makes you vulnerable to fire.
   It lets you blink.
Wands
 j - a wand of digging (10/24)
 r - a wand of teleportation (4/9)
Scrolls
 k - 2 scrolls of magic mapping
 l - 8 scrolls of blinking
 p - 2 scrolls of remove curse
 w - 2 scrolls of silence
 y - 5 scrolls of teleportation
 C - 2 scrolls of holy word
 F - 6 scrolls of identify
 H - 6 scrolls of fog
 R - 4 scrolls of fear
Potions
 i - 8 potions of flight
 m - 19 potions of curing
 z - 7 potions of agility
 B - 11 potions of might
 D - 6 potions of lignification
 L - a potion of brilliance
 O - 5 potions of cancellation
 X - 4 potions of invisibility
Miscellaneous
 g - the horn of Geryon
 t - a fan of gales
 u - a crystal ball of energy
 x - a legendary deck of summoning {Foxfire}
 J - a phantom mirror
 N - a sack of spiders
 Y - a disc of storms
Comestibles
 f - 30 bread rations
 A - a slice of pizza
 E - 2 meat rations
 I - 5 royal jellies
 P - 2 beef jerkies


   Skills:
 + Level 26.6 Fighting
 + Level 22.2 Crossbows
 + Level 26.0 Armour
 + Level 22.2 Dodging
 - Level 0.7 Stealth
 - Level 10.0 Spellcasting
 + Level 9.3 Hexes
 + Level 9.3 Charms
 - Level 6.0 Necromancy
 - Level 8.0 Translocations
 - Level 3.0 Air Magic
 - Level 20.0 Invocations
 - Level 7.0 Evocations


You had 25 spell levels left.
You knew the following spells:

 Your Spells              Type           Power        Failure   Level  Hunger
a - Apportation           Tloc           ######....   1%          1    None
b - Blink                 Tloc           N/A          1%          2    None
c - Repel Missiles        Chrm/Air       ######       1%          2    None
d - Regeneration          Chrm/Necr      ######....   1%          3    None
e - Statue Form           Trmt/Erth      ###......    100%        6    ####...
f - Spectral Weapon       Hex/Chrm       ######..     1%          3    None
g - Passage of Golubria   Tloc           N/A          2%          4    None


Dungeon Overview and Level Annotations

Branches:
Dungeon (15/15)            Temple (1/1) D:4            Lair (8/8) D:11
 Shoals (4/4) Lair:3       Spider (4/4) Lair:3        Slime (0/6) Lair:7
    Orc (2/2) D:12            Elf (3/3) Orc:2        Vaults (5/5) D:13
  Crypt (3/3) Vaults:3       Tomb (0/3) Crypt:3      Depths (5/5) D:15
   Hell (1/1)                 Dis (0/7) Hell            Geh (0/7) Hell
    Coc (0/7) Hell            Tar (0/7) Hell            Zot (5/5) Depths:5

Altars:
Ashenzari
Cheibriados
Dithmenos
Elyvilon
Fedhas
Gozag
Kikubaaqudgha
Makhleb
Nemelex Xobeh
Okawaru
Pakellas
Qazlal
Ru
Sif Muna
Trog
Vehumet
Xom
Yredelemnul
Zin
The Shining One
Beogh

Shops:
D:11 =   D:14 %   Orc:2 ==([   Elf:2 *:*:[   Shoals:1 %(%:[   Depths:2 [
Depths:4 }

Portals:
Hell: Depths:1 Depths:2 Depths:3 Depths:4 Depths:5
Abyss: Depths:4
Pandemonium: Depths:3
Ziggurat: Depths:1
Trove: D:12 (give 4 potions of resistance)

Annotations:
Lair:5 exclusion: oklob plant


Innate Abilities, Weirdness & Mutations

You reflexively headbutt those who attack you in melee.
You have a pair of horns on your head.
Scrolls take you a little longer to read.
Your body often deteriorates upon taking damage.
You are extremely frail (-30% HP).
Your magical capacity is low (-10% MP).
You expend magic power (3 MP) to strengthen your wands.


Message History

Really read with blurry vision while enemies are nearby? [Y]es or [N]o only, please.
Really read with blurry vision while enemies are nearby?
Okay, then.
Drink which item? (? for menu, Esc to quit)
You are confused.
You feel invigorated.
The orb of fire glows deep purple.
The bolt of fire misses you.
You hear a distant "Zot"!
You miss the orb of fire.
You headbutt the orb of fire, but do no damage.
The orb of fire is severely damaged.
The orb of fire glows bright magenta.
The bolt of fire hits you! You resist.
* * * LOW HITPOINT WARNING * * *
The Killer Klown blinks!
The orb of fire glows red.
The fireball explodes!
The fireball engulfs you! You resist.
You die...

,,,,,,,,,,,,,,,,,,,,,*,,,,,,,,,,,
,,,,,,,,,,,,,,,,,,,,,**,,,,,,,,,*
,,,,,,,,,,,,,,,,,,,,,***,,,,,,,**
,,,,,,,,,,,,,,,,,,,,,* *********
,,,,,,,,,,,,,,,,,,,,**
,,,,,,,,,,,,,,,,,,***
,,,,,,,,,,,,,,,****
*,,,,,##▓▓▓▓#▓▓▓▓▓▓#
,,,,,Xy.)((...§*@†.###
,,,,,,...^...p.##...(## *
,,,,,,...(......###...###########
,,,,,,..(........###...(.........
,,,,,,..(....^...# ##............
,,,,,,...........# #............
,,,,,,...........# ##...........
,,,,,,(..........# #^..........
,,,,,,,,,,,,,,,,,* ##...........


You could see an orb of fire and a Killer Klown.

Vanquished Creatures
  3 orbs of fire
  5 ancient liches
  4 juggernauts
  3 curse toes
  A Killer Klown (Zot:3)
  12 golden dragons
  Geryon (Hell)
  Nikola (Vaults:2)
  4 bone dragons
  17 tentacled monstrosities
  A hellephant (Hell)
  5 liches
  7 Orb Guardians (Zot:5)
  Asterion (Spider:1)
  2 deep elf blademasters (Elf:3)
  2 deep elf master archers (Elf:3)
  12 titans
  23 death cobs
  3 ancient champions
  5 sphinxes
  17 shadow dragons
  A kraken (Shoals:1)
  The ghost of PeterLawrence the Bludgeoner, an adept MiFi of Okawaru (Spider:3)
  2 revenants (Crypt:2)
  17 storm dragons
  Ilsuiw (Shoals:3)
  Roxanne (D:15)
  10 tengu reavers
  11 fire giants
  7 draconian knights
  Wiglaf (Spider:3)
  4 draconian monks
  16 frost giants
  7 deep elf sorcerers
  14 vault wardens
  5 draconian scorchers
  10 ghost moths
  An iron dragon (Depths:4)
  6 emperor scorpions
  6 draconian shifters
  2 curse skulls
  7 ghouls
  A caustic shrike zombie (Crypt:1)
  2 orc warlords
  7 draconian zealots
  3 draconian callers
  18 very ugly things
  5 deep elf elementalists (Elf:3)
  2 draconian annihilators
  5 reapers
  6 spriggan defenders
  20 stone giants
  18 ironheart preservers
  6 war gargoyles
  11 green draconians
  12 vampire knights
  12 black draconians
  5 salamander stormcallers
  12 mottled draconians
  8 deep elf annihilators
  8 deep elf demonologists
  5 spark wasps
  10 red draconians
  23 purple draconians
  13 yellow draconians
  7 white draconians
  9 statues (WizLab)
  2 blizzard demons (Hell)
  4 eidola
  12 deep elf death magi
  6 merfolk javelineers
  18 ettins
  11 merfolk impalers
  29 yaktaur captains
  3 crystal guardians (Crypt:3)
  25 fire dragons
  6 rakshasas
  31 vault guards
  6 deep elf high priests
  6 jiangshi (Crypt:2)
  16 great orbs of eyes
  12 entropy weavers
  Harold (D:11)
  18 ice dragons
  6 hydras
  17 ogre magi
  8 merfolk avatars
  A spriggan air mage (Depths:3)
  A catoblepas (shapeshifter) (Vaults:4)
  13 centaur warriors
  An alligator snapping turtle (Shoals:2)
  4 catoblepae
  6 merfolk aquamancers
  12 death yaks (Lair:8)
  An anaconda (shapeshifter) (Vaults:5)
  7 deep troll shamans
  3 satyrs
  A death knight (Crypt:3)
  9 deep troll earth magi
  32 dancing weapons
  2 vampire magi
  3 orc high priests (Orc:2)
  12 tengu warriors
  9 hell hogs (Hell)
  9 spriggan berserkers
  28 deep elf knights
  A storm dragon zombie (Crypt:2)
  Nergalle (D:10)
  11 soul eaters
  2 sun demons (Hell)
  3 shadow wraiths
  A large abomination (Elf:3)
  3 iron trolls (Depths:4)
  2 fire crabs (shapeshifter)
  6 hell knights (Crypt:3)
  9 giant orange brains
  32 skeletal warriors
  14 sea snakes
  17 deep trolls
  A wizard (Vaults:3)
  5 unseen horrors
  2 death drakes (Zot:1)
  An anaconda zombie (Hell)
  4 flayed ghosts
  12 ironbrand convokers
  A lindwurm (Lair:7)
  13 orc knights
  8 phantasmal warriors
  14 hill giants
  15 deep elf archers
  A hill giant (shapeshifter) (Vaults:5)
  An orange crystal statue (Depths:4)
  A wolf spider zombie (D:15)
  9 harpies
  18 orb spiders
  An anubis guard (shapeshifter) (Vaults:4)
  8 necromancers
  A manticore (shapeshifter) (Vaults:5)
  3 orc sorcerers
  84 deep elf magi
  A stone giant zombie (Crypt:3)
  10 manticores
  3 salamanders (Vaults:3)
  52 wolf spiders
  52 ugly things
  10 black mambas
  14 griffons
  11 cyclopes
  11 fauns
  29 moths of wrath
  A shadow dragon skeleton (Crypt:1)
  12 hornets
  4 water nymphs
  An elephant (shapeshifter) (D:15)
  2 frost giant zombies
  A rust devil (Depths:2)
  An ice statue (IceCv)
  12 sirens
  3 fire giant skeletons (Crypt:3)
  An octopode (shapeshifter) (D:15)
  An alligator snapping turtle zombie (Crypt:2)
  14 vault sentinels
  Maurice (D:10)
  4 centaur zombies
  A hell hog skeleton (Crypt:1)
  10 elephants
  2 torpor snails
  A dire elephant zombie (Crypt:3)
  A smoke demon (Depths:1)
  19 spiny frogs
  A catoblepas zombie (Crypt:1)
  9 centaur skeletons
  3 gargoyles
  An apis skeleton (Crypt:2)
  4 rime drakes
  2 small abominations
  87 yaktaurs
  4 kobold demonologists
  7 komodo dragons
  3 komodo dragons (shapeshifter)
  An efreet (D:15)
  5 tengu conjurers
  12 freezing wraiths
  A tormentor (Hell)
  A yaktaur skeleton (Vaults:1)
  24 demonic crawlers
  16 polar bears (IceCv)
  18 jumping spiders
  7 red devils
  2 hellwings (Depths:1)
  5 trolls
  A hydra zombie (Hell)
  The ghost of Northaan the Spear-Bearer, an amateur MfFi of Qazlal (D:4)
  2 guardian mummies (Zot:1)
  32 merfolk
  A troll (shapeshifter) (Vaults:1)
  A polar bear (shapeshifter) (Vaults:4)
  3 wind drakes
  A fire giant simulacrum (Vaults:1)
  3 bog bodies (Crypt:2)
  A wolf spider simulacrum (Crypt:1)
  A hornet zombie (D:14)
  21 blink frogs
  26 two-headed ogres
  A hydra skeleton (Hell)
  2 raiju (shapeshifter)
  6 snapping turtles
  28 slime creatures
  10 boulder beetles
  A fire dragon zombie (Crypt:3)
  85 redbacks
  31 flying skulls (Crypt:3)
  2 air elementals (Elf:3)
  32 tarantellas
  An alligator skeleton (Crypt:1)
  A snapping turtle (shapeshifter) (Vaults:5)
  A redback (shapeshifter) (D:13)
  A vampire (D:14)
  7 wyverns
  6 wraiths
  A shadow (Crypt:2)
  8 spriggans
  12 water elementals
  A wyvern (shapeshifter) (Depths:1)
  76 yaks
  16 hippogriffs
  A human (D:7)
  24 vampire mosquitoes
  4 basilisks
  A hog (D:7)
  7 fire elementals
  7 hungry ghosts
  3 mottled dragons
  9 wargs
  A hydra simulacrum (Hell)
  A deep troll zombie (Crypt:1)
  16 water moccasins
  6 hell hounds
  3 spiny frog zombies (Hell)
  15 porcupines
  A putrid demonspawn skeleton (Crypt:1)
  A black bear (D:11)
  2 giant eyeballs
  An ettin simulacrum (Crypt:1)
  An eye of draining (shapeshifter) (D:14)
  2 ice beasts
  37 orc warriors
  A snapping turtle zombie (Crypt:3)
  2 sky beasts (shapeshifter)
  5 phantoms
  3 eyes of draining
  10 wasps
  7 necrophages
  63 ogres
  25 wolves
  9 boggarts
  2 sky beasts
  28 centaurs
  A human skeleton (Vaults:1)
  14 crocodiles
  13 big kobolds
  An elf zombie (Crypt:2)
  5 earth elementals
  27 giant frogs
  A rime drake skeleton (Crypt:1)
  A deep troll simulacrum (Vaults:1)
  A draconian skeleton (Crypt:2)
  3 wyvern skeletons
  4 scorpions
  A cyclops skeleton (Crypt:1)
  32 killer bees
  23 wights
  3 howler monkeys
  3 electric eels (D:11)
  20 crimson imps
  2 giant frog zombies
  A quasit (D:10)
  12 hounds
  A human zombie (Crypt:3)
  37 orc wizards
  24 orc priests
  4 giant frog skeletons
  9 jellies
  An iron imp (Spider:3)
  Crazy Yiuf (D:2)
  11 iguanas
  10 worker ants
  7 hell rats (Hell)
  A sheep (shapeshifter) (Depths:4)
  A killer bee zombie (D:11)
  62 sheep
  A felid zombie (Crypt:2)
  An ogre zombie (Crypt:2)
  A mottled dragon skeleton (Crypt:1)
  A hound skeleton (D:4)
  A worker ant zombie (D:8)
  5 gnolls
  70 river rats
  15 adders
  4 shadow imps
  2 oozes
  An adder zombie (D:7)
  An adder skeleton (D:6)
  4 worms
  9 dart slugs
  3 giant geckos
  139 orcs
  4 ball pythons
  7 giant cockroaches
  9 goblins
  5 hobgoblins
  A jackal (D:7)
  8 quokkas
  10 bats
  3 giant gecko skeletons
  5 giant newts
  70 kobolds
  5 rats
  A river rat zombie (Crypt:2)
  2 crawling corpses
  2 fire vortices
  A fungus (Lair:8)
  A plant (Lair:5)
  2 spectral weapons
  A tentacle (Shoals:1)
3134 creatures vanquished.

Vanquished Creatures (others)
  A golden dragon (Zot:1)
  An ancient champion (Hell)
  A draconian zealot (Zot:1)
  An ice dragon (Depths:4)
  A centaur warrior (Depths:2)
  An ogre mage (D:15)
  A hell hog (Hell)
  A soul eater (Hell)
  A skeletal warrior (Hell)
  A deep elf mage (Vaults:4)
  A salamander (Vaults:3)
  A moth of wrath (Zot:5)
  A redback (Spider:4)
  A wasp (D:3)
  An ogre (D:15)
  A jackal (D:11)
  A crawling corpse (Depths:3)
  19 fungi
  8 lost souls
  33 plants
  19 spectral weapons
  4 tentacles (Shoals:1)
  29 tentacle segments (Shoals:1)
129 creatures vanquished.

Grand Total: 3263 creatures vanquished

Notes
Turn   | Place    | Note
--------------------------------------------------------------
     0 | D:1      | Krapule the Minotaur Hunter began the quest for the Orb.
     0 | D:1      | Reached XP level 1. HP: 18/18 MP: 0/0
   695 | D:1      | Reached XP level 2. HP: 25/25 MP: 1/1
  1471 | D:2      | Reached XP level 3. HP: 31/31 MP: 2/2
  1703 | D:2      | Reached skill level 5 in Crossbows
  1885 | D:2      | Found a basalt altar of Yredelemnul.
  1885 | D:2      | Found a radiant altar of Vehumet.
  1994 | D:2      | Reached skill level 1 in Armour
  2173 | D:2      | Reached XP level 4. HP: 34/38 MP: 3/3
  2466 | D:2      | Noticed Crazy Yiuf
  2480 | D:2      | Killed Crazy Yiuf
  2898 | D:3      | Reached XP level 5. HP: 36/45 MP: 4/4
  3116 | D:3      | Found a faded altar to an unknown god.
  3414 | D:3      | You fall through a shaft for 3 floors!
  3453 | D:5      | Entered Level 5 of the Dungeon
  3645 | D:3      | Found an oddly glowing altar of Pakellas.
  3645 | D:3      | Noticed an orange crystal statue
  3646 | D:3      | Noticed a wasp
  3683 | D:3      | Killed a wasp
  3762 | D:3      | Reached XP level 6. HP: 32/52 MP: 5/5
  4105 | D:4      | Found a staircase to the Ecumenical Temple.
  4111 | Temple   | Entered the Ecumenical Temple
  4159 | Temple   | Became a worshipper of Cheibriados the Contemplative
  4243 | D:4      | Noticed Northaan's ghost (amateur MfFi)
  4269 | D:4      | Killed Northaan's ghost
  4269 | D:4      | Reached skill level 5 in Fighting
  4269 | D:4      | Reached skill level 1 in Invocations
  4269 | D:4      | Reached XP level 7. HP: 41/61 MP: 5/7
  4496 | D:4      | Reached skill level 5 in Dodging
  4499 | D:4      | Reached * piety under Cheibriados
  4915 | D:4      | Reached ** piety under Cheibriados
  4937 | D:4      | Reached XP level 8. HP: 63/70 MP: 7/9
  4960 | D:4      | Reached skill level 5 in Armour
  5066 | D:4      | Found a stormy altar of Qazlal.
  5074 | D:4      | Found a sparkling altar of Nemelex Xobeh.
  5081 | D:4      | Found an oddly glowing altar of Pakellas.
  5081 | D:4      | Found a burning altar of Makhleb.
  5082 | D:4      | Found an iron altar of Okawaru.
  5082 | D:4      | Found a blossoming altar of Fedhas.
  5084 | D:4      | Found a shimmering altar of Xom.
  5085 | D:4      | Found a white marble altar of Elyvilon.
  5086 | D:4      | Found an ancient bone altar of Kikubaaqudgha.
  6059 | D:5      | Reached *** piety under Cheibriados
  6580 | D:6      | Reached XP level 9. HP: 51/79 MP: 11/11
  7317 | D:7      | Reached **** piety under Cheibriados
  7419 | D:7      | Reached skill level 5 in Invocations
  7805 | D:7      | Found an opulent altar of Gozag.
  7875 | D:7      | Reached ***** piety under Cheibriados
  7962 | D:7      | Found a white marble altar of Elyvilon.
  8755 | D:9      | Reached XP level 10. HP: 89/89 MP: 13/13
  9089 | D:9      | Found a shattered altar of Ashenzari.
  9228 | D:9      | Reached ****** piety under Cheibriados
  9501 | D:10     | Entered Level 10 of the Dungeon
  9703 | D:10     | Noticed Maurice
  9710 | D:10     | Killed Maurice
  9889 | D:10     | Noticed a hill giant
  9900 | D:10     | Killed a hill giant
 10058 | D:10     | Noticed a hill giant
 10069 | D:10     | Killed a hill giant
 10069 | D:10     | Reached XP level 11. HP: 35/99 MP: 15/15
 10352 | D:10     | Noticed Nergalle
 10366 | D:10     | Killed Nergalle
 10856 | D:11     | Reached skill level 10 in Fighting
 10911 | D:11     | Found Makhlecs's Jewellery Shop.
 11093 | D:11     | Noticed a hill giant
 11101 | D:11     | Noticed a hill giant
 11102 | D:11     | Killed a hill giant
 11117 | D:12     | Killed a hill giant
 11117 | D:12     | Reached skill level 10 in Crossbows
 11409 | D:12     | Found a shattered altar of Ashenzari.
 11540 | D:12     | Found a portal to a secret trove of treasure.
 11549 | D:12     | Found a staircase to the Orcish Mines.
 11858 | D:12     | Reached skill level 10 in Armour
 12237 | D:12     | Reached skill level 10 in Dodging
 12560 | D:12     | HP: 3/101 [slime creature (7)]
 13547 | D:11     | Reached XP level 12. HP: 110/110 MP: 17/17
 13551 | D:11     | Paralysed by fainting for 11 turns
 14117 | D:11     | Noticed Harold
 14146 | D:11     | Killed Harold
 14901 | D:11     | Found a staircase to the Lair.
 15495 | Lair:1   | Entered Level 1 of the Lair of Beasts
 15966 | Lair:1   | Got a silken robe
 16332 | D:11     | Bought the ring of Xafueng {MP+9 Dex+6 Stlth+} for 678 gold pieces
 16547 | Lair:2   | Got a jet-encrusted scale mail
 16558 | Lair:2   | Identified the +2 scale mail "Rath" {Slay+2} (You found it on level 2 of the Lair of Beasts)
 16588 | Lair:2   | Noticed a five-headed hydra
 16592 | Lair:2   | Killed a five-headed hydra
 17659 | Lair:3   | Found a staircase to the Shoals.
 18060 | Lair:3   | Found a hole to the Spider Nest.
 18098 | Lair:3   | Reached XP level 13. HP: 118/118 MP: 19/19
 19325 | Lair:4   | Reached skill level 10 in Invocations
 22282 | Lair:7   | Reached XP level 14. HP: 125/129 MP: 21/21
 22407 | Lair:7   | Found a staircase to the Slime Pits.
 22490 | Lair:7   | Found a blossoming altar of Fedhas.
 22926 | Lair:7   | Identified a -1 rod of shadows (14/14) (You found it on level 6 of the Lair of Beasts)
 23371 | Lair:8   | Entered Level 8 of the Lair of Beasts
 23371 | Lair:8   | Found a white marble altar of Elyvilon.
 25279 | Lair:8   | Got a steaming arbalest
 25289 | Lair:8   | Identified the +6 arbalest "Ifosoob" {velocity, rF- Int+5} (You found it on level 8 of the Lair of Beasts)
 25687 | D:11     | Bought an uncursed amulet of regeneration for 480 gold pieces
 25808 | Orc:1    | Entered Level 1 of the Orcish Mines
 25848 | Orc:1    | Found a frozen archway.
 25855 | IceCv    | Entered an ice cave
 25886 | IceCv    | Reached XP level 15. HP: 139/139 MP: 22/22
 26239 | IceCv    | Noticed a frost giant
 26249 | IceCv    | Killed a frost giant
 26340 | IceCv    | Got an ancient great mace
 26341 | IceCv    | Identified the cursed +1 great mace of Modesty {crush, rElec rPois Int+9} (You found it in an ice cave)
 27570 | Orc:2    | Entered Level 2 of the Orcish Mines
 27601 | Orc:2    | Found a roughly hewn altar of Beogh.
 27643 | Orc:2    | Found a staircase to the Elven Halls.
 28004 | Orc:2    | Found a roughly hewn altar of Beogh.
 28018 | Orc:2    | Found Ditwiklae's Jewellery Boutique.
 28192 | Orc:2    | Noticed an orc warlord
 28206 | Orc:2    | Killed an orc warlord
 28285 | Orc:2    | Found a roughly hewn altar of Beogh.
 28341 | Orc:2    | Found Esiolenlai's Antique Armour Shoppe.
 28366 | Orc:2    | Found Kowoe's Antique Weapon Emporium.
 28367 | Orc:2    | Found a roughly hewn altar of Beogh.
 28387 | Orc:2    | Bought an ichor-stained plate armour for 784 gold pieces
 28397 | Orc:2    | Identified the +10 plate armour of the Griffon {Str+6 Int-2} (You bought it in a shop on level 2 of the Orcish Mines)
 28636 | Orc:2    | Found a roughly hewn altar of Beogh.
 28701 | Orc:2    | Found a roughly hewn altar of Beogh.
 28702 | Orc:2    | Found Ynkosh's Jewellery Shop.
 29014 | D:13     | Found a radiant altar of Vehumet.
 29605 | D:13     | Found a gate to the Vaults.
 29692 | D:14     | Found Ceiromei's Food Emporium.
 29846 | D:14     | Reached skill level 15 in Fighting
 30607 | D:14     | Reached XP level 16. HP: 135/149 MP: 24/24
 30832 | D:14     | Reached skill level 15 in Armour
 30866 | D:15     | Entered Level 15 of the Dungeon
 31158 | D:15     | Found a staircase to the Depths.
 31304 | D:15     | Noticed Roxanne
 31314 | D:15     | Killed Roxanne
 31319 | D:15     | Identified Roxanne's Incunabulum of Transmutation (You took it off Roxanne on level 15 of the Dungeon)
 32031 | Spider:1 | Entered Level 1 of the Spider Nest
 32112 | Spider:1 | Noticed Asterion
 32125 | Spider:1 | Killed Asterion
 32542 | Spider:1 | Reached skill level 15 in Crossbows
 32563 | Spider:1 | Reached skill level 15 in Dodging
 33400 | Spider:2 | Got a sparkling amber ring
 33839 | Spider:3 | Noticed Wiglaf
 33855 | Spider:3 | Killed Wiglaf
 34068 | Spider:3 | Noticed PeterLawrence's ghost (adept MiFi)
 34270 | Spider:2 | Reached XP level 17. HP: 60/159 MP: 26/26
 34637 | Spider:3 | Killed PeterLawrence's ghost
 35373 | Spider:4 | Entered Level 4 of the Spider Nest
 36272 | Spider:4 | Identified the ring "Zaemuhodae" {+Blink +Fly Str+5} (You found it on level 2 of the Spider Nest)
 37003 | Spider:4 | Got a gossamer rune of Zot
 37227 | Shoals:1 | Entered Level 1 of the Shoals
 37246 | Shoals:1 | Found Hirgh's Book Emporium.
 37260 | Shoals:1 | Noticed a kraken
 37441 | Shoals:1 | Found Ogisot's Armour Emporium.
 37573 | Shoals:1 | Found Huippip's Food Emporium.
 37576 | Shoals:1 | Reached XP level 18. HP: 158/170 MP: 27/27
 37765 | Shoals:1 | Found Cafuox's Antique Weapon Emporium.
 37820 | Shoals:1 | Found Mur Vut's Food Emporium.
 38958 | Shoals:1 | Bought a +0 pair of boots for 76 gold pieces
 39157 | Shoals:3 | Noticed Ilsuiw
 39205 | Shoals:3 | Killed Ilsuiw
 39661 | Shoals:3 | Identified a scroll of acquirement
 39664 | Shoals:3 | Got a pair of spiked boots
 39739 | Shoals:3 | Identified the +0 pair of boots "Nos Xer" {MR++} (You acquired it on level 3 of the Shoals)
 40041 | Shoals:4 | Entered Level 4 of the Shoals
 40783 | Shoals:4 | Got an iridescent broad axe {speed}
 41047 | Shoals:4 | Reached skill level 15 in Invocations
 41821 | Shoals:4 | Got a barnacled rune of Zot
 42360 | Vaults:1 | Entered Level 1 of the Vaults
 42452 | Vaults:1 | Reached XP level 19. HP: 179/179 MP: 29/29
 42513 | Vaults:1 | Reached skill level 1 in Evocations
 43657 | Vaults:2 | Got a heavily runed ring mail
 44033 | Vaults:2 | Noticed Nikola
 44041 | Vaults:2 | Killed Nikola
 45080 | Vaults:3 | HP: 8/181 [frost giant/battleaxe of freezing (2)]
 45777 | Vaults:3 | HP: 9/181 [??? (6)]
 46042 | Vaults:3 | Found a staircase to the Crypt.
 46773 | Lair:1   | Identified the +2 ring mail of Valour {rPois Stlth+} (You found it on level 2 of the Vaults)
 46975 | Vaults:2 | Reached XP level 20. HP: 189/189 MP: 30/30
 47269 | Vaults:3 | Reached skill level 5 in Evocations
 48453 | Vaults:4 | Found a white marble altar of Elyvilon.
 49739 | Elf:1    | Entered Level 1 of the Elven Halls
 50195 | Elf:1    | Reached XP level 21. HP: 199/199 MP: 32/32
 50524 | Elf:2    | Found Erogoc's Book Boutique.
 50603 | Elf:2    | Found Zifo's Assorted Antiques.
 50609 | Elf:2    | Found Hoin Wieqo's Book Shoppe.
 50611 | Elf:2    | Bought a shimmering arbalest for 218 gold pieces
 50611 | Elf:2    | Identified the +5 arbalest of Tartarus {flame, MP+9 Int+2} (You bought it in a shop on level 2 of the Elven Halls)
 50623 | Elf:2    | Found Koilowk's Assorted Antiques.
 50632 | Elf:2    | Bought a scroll labeled AGAGUZ SOMYD QEOKK for 22 gold pieces
 50632 | Elf:2    | Bought a potion of heal wounds for 110 gold pieces
 50693 | Elf:2    | Found a runed gate.
 50693 | Elf:2    | Found a runed gate.
 50693 | Elf:2    | Found a runed gate.
 50724 | Elf:2    | Found Qutoppoxt's Armour Boutique.
 51293 | Elf:3    | Entered Level 3 of the Elven Halls
 52362 | Elf:3    | Got a wavering copper ring
 52812 | Lair:1   | Identified the ring "Gimp" {+Inv Slay+6 Stlth+} (You took it off a deep elf mage on level 3 of the Elven Halls)
 53033 | Elf:3    | Got a bound glass ring
 53034 | Elf:3    | Got a steaming trident {holy}
 53071 | Elf:3    | Got a bound golden ring
 53323 | Lair:1   | Identified the +7 trident "Vymosoq" {holy, Int+4 Dex+3} (You took it off a deep elf demonologist on level 3 of the Elven Halls)
 53328 | Lair:1   | Identified the cursed ring of Tiamm {rC++ Slay-6} (You took it off a deep elf annihilator on level 3 of the Elven Halls)
 53340 | Lair:1   | Identified the ring of Cith {SustAt *Drain rElec rPois rN++} (You took it off a deep elf demonologist on level 3 of the Elven Halls)
 53617 | Elf:3    | Got an encrusted arbalest
 53847 | Lair:1   | Identified the +6 arbalest "Jeoh" {penet, rF+++ MR+++ Dex-3 Stlth+} (You found it on level 3 of the Elven Halls)
 54064 | Depths:1 | Entered Level 1 of the Depths
 54077 | D:15     | Reached XP level 22. HP: 121/209 MP: 10/33
 54325 | Depths:1 | Found a gateway to a ziggurat.
 54790 | Depths:1 | Found a gateway to Hell.
 55945 | Depths:2 | Found Qir Kig's Antique Armour Shop.
 56079 | Depths:2 | Bought a pair of glowing gloves for 153 gold pieces
 56306 | Depths:3 | Got an ancient iron ring
 56310 | Depths:3 | Identified the ring of Eternal Harmony {rElec rC+ Dex+2 Stlth+} (You found it on level 3 of the Depths)
 56387 | Depths:3 | Found a one-way gate leading to the halls of Pandemonium.
 56439 | Depths:3 | Got a steaming platinum ring
 57079 | Elf:2    | Bought a book of Battle for 520 gold pieces
 57117 | Elf:2    | Bought a book of Minor Magic for 340 gold pieces
 57117 | Elf:2    | Bought a manual of Spellcasting for 1876 gold pieces
 57279 | Lair:1   | Learned a level 1 spell: Apportation
 57282 | Lair:1   | Learned a level 2 spell: Blink
 57285 | Lair:1   | Learned a level 2 spell: Repel Missiles
 57289 | Lair:1   | Learned a level 3 spell: Regeneration
 57296 | Lair:1   | Learned a level 6 spell: Statue Form
 57300 | Lair:1   | Learned a level 3 spell: Spectral Weapon
 57648 | Depths:3 | Got a clouded bone ring
 57693 | Depths:3 | Found an ancient bone altar of Kikubaaqudgha.
 57721 | Depths:3 | Reached XP level 23. HP: 215/217 MP: 34/34
 57775 | Depths:3 | Found an opulent altar of Gozag.
 58007 | Depths:3 | Got a smoking turquoise ring
 58302 | Lair:1   | Identified the ring "Ubavae" {rC+ rN+++ Int-3 Dex+3 Slay+2} (You took it off a vampire knight on level 3 of the Depths)
 58306 | Lair:1   | Identified the ring "Irocej" {rElec rN+} (You found it on level 3 of the Depths)
 58308 | Lair:1   | Identified the ring "Weplah" {rCorr +Blink rF- Str+8 Dex+3} (You found it on level 3 of the Depths)
 58674 | Depths:3 | Noticed a juggernaut
 58674 | Depths:3 | Noticed a juggernaut
 58677 | Depths:3 | Noticed a juggernaut
 58908 | Depths:2 | Killed a juggernaut
 59067 | Depths:3 | Killed a juggernaut
 59078 | Depths:3 | Killed a juggernaut
 59169 | Depths:4 | Reached skill level 1 in Spellcasting
 59877 | Depths:4 | Found Xikk's Gadget Shoppe.
 59975 | Depths:4 | Reached skill level 1 in Necromancy
 59986 | Depths:4 | Reached skill level 1 in Translocations
 60132 | Depths:4 | Found a runed door.
 60338 | Depths:4 | Reached skill level 1 in Hexes
 60408 | Depths:4 | Found a one-way gate to the infinite horrors of the Abyss.
 60568 | Depths:4 | Found a runed door.
 60607 | Depths:4 | Paralysed by a giant eyeball for 3 turns
 60616 | Depths:4 | Reached skill level 1 in Charms
 60620 | Depths:4 | Paralysed by a giant eyeball for 2 turns
 60937 | Depths:5 | Entered Level 5 of the Depths
 60937 | Depths:5 | Noticed a juggernaut
 60963 | Depths:4 | Killed a juggernaut
 61158 | Depths:4 | Reached XP level 24. HP: 197/228 MP: 35/35
 61864 | Depths:5 | Reached skill level 5 in Spellcasting
 62094 | Depths:5 | Found a gate to the Realm of Zot.
 62941 | Depths:2 | Reached skill level 10 in Spellcasting
 63412 | Vaults:5 | Entered Level 5 of the Vaults
 63979 | Vaults:5 | Reached skill level 5 in Necromancy
 64088 | Vaults:5 | Reached skill level 5 in Hexes
 64136 | Vaults:5 | Reached skill level 5 in Charms
 64142 | Vaults:5 | Reached XP level 25. HP: 191/235 MP: 36/36
 64228 | Vaults:5 | Noticed an ancient lich
 64229 | Vaults:5 | Killed an ancient lich
 64296 | Vaults:5 | Reached skill level 1 in Air Magic
 64341 | Vaults:5 | Got a shimmering tin ring
 64665 | Lair:1   | Identified the ring of Ujaostaxt {SustAt rF++ MP+9 Str-4 Stlth+} (You took it off a vault warden on level 5 of the Vaults)
 65217 | Vaults:5 | Got a twisted hand crossbow
 65245 | Vaults:5 | Identified Zurphulu's Grimoire of Assistive Contamination
 65404 | Vaults:5 | Identified the Papyrus of Burning Translocation
 65502 | Vaults:5 | Identified the Grimoire of the Escort
 65915 | Vaults:5 | Got a bloodstained cloak
 65926 | Vaults:5 | Identified the +1 cloak "Qoshar" {*Contam Str+3 Int+4} (You found it on level 5 of the Vaults)
 65928 | Vaults:5 | Got a silver rune of Zot
 66003 | Vaults:5 | Identified the +1 hand crossbow "Dacifeed" {elec, +Blink rC+ MP+9} (You took it off a vault guard on level 5 of the Vaults)
 66072 | Vaults:5 | Got an obsidian-encrusted plate armour
 66073 | Vaults:5 | Identified the +3 plate armour "Fuxuv" {Dex+6} (You took it off a vault guard on level 5 of the Vaults)
 66886 | Crypt:1  | Entered Level 1 of the Crypt
 67118 | Crypt:1  | Found a magical portal.
 67123 | WizLab   | Entered Iskenderun's Mystic Tower
 67903 | WizLab   | Identified the Compendium of Beguiling and Battle Magic
 67903 | WizLab   | Identified Sif Muna's Disquisition on Lethal Conjuration
 67914 | WizLab   | Identified Iskenderun's Handbook of Conjuration
 67914 | WizLab   | Identified Iskenderun's Papyrus of Battle Magic
 68448 | Lair:1   | Learned a level 4 spell: Passage of Golubria
 69203 | Crypt:2  | Reached XP level 26. HP: 214/244 MP: 36/36
 69768 | Crypt:3  | Entered Level 3 of the Crypt
 70254 | Crypt:3  | Found an ancient bone altar of Kikubaaqudgha.
 70254 | Crypt:3  | Noticed an ancient lich
 70264 | Crypt:3  | Killed an ancient lich
 70380 | Crypt:3  | Identified Cybbezixt's Catalogue of Dark Magic
 70597 | Crypt:3  | Found a staircase to the Tomb.
 71770 | Hell     | Entered the Vestibule of Hell
 71770 | Hell     | Noticed Geryon
 71818 | Hell     | HP: 15/367 [hell hog/fireball (11)]
 71823 | Hell     | Reached skill level 5 in Translocations
 71843 | Hell     | HP: 11/245 [reaper/scythe of flaming (4)]
 71845 | Hell     | HP: 5/245 [skeletal warrior/short sword[a skeletal warrior] (13)]
 72209 | Hell     | Killed Geryon
 72447 | Hell     | Found a gateway to the decaying netherworld of Tartarus.
 72518 | Hell     | Found a gateway to the ashen valley of Gehenna.
 72584 | Hell     | Found a gateway to the Iron City of Dis.
 72621 | Hell     | Found a gateway to the freezing wastes of Cocytus.
 72759 | Zot:1    | Entered Level 1 of the Realm of Zot
 72759 | Zot:1    | Noticed an ancient lich
 72764 | Zot:1    | Killed an ancient lich
 72775 | Zot:1    | Noticed an ancient lich
 72786 | Zot:1    | Killed an ancient lich
 72801 | Zot:1    | Reached XP level 27. HP: 114/254 MP: 23/36
 73321 | Zot:1    | Noticed an orb of fire
 73333 | Zot:1    | Gained mutation: You are frail (-10% HP). [an orb of fire]
 73335 | Zot:1    | Gained mutation: You are clumsy. (Dex -2) [an orb of fire]
 73336 | Zot:1    | Gained mutation: You are very frail (-20% HP). [an orb of fire]
 73337 | Zot:1    | Killed an orb of fire
 75055 | Zot:2    | Got a twisted plate armour
 76288 | Lair:1   | Identified the cursed +1 plate armour "Pabyotos" {rC- Str+6 SInv} (You found it on level 2 of the Realm of Zot)
 77543 | Zot:3    | Noticed an orb of fire
 77548 | Zot:3    | Gained mutation: Your body sometimes deteriorates upon taking damage. [an orb of fire]
 77549 | Zot:3    | Killed an orb of fire
 79516 | Zot:5    | Entered Level 5 of the Realm of Zot
 80183 | Zot:5    | Noticed an orb of fire
 80184 | Zot:5    | Noticed an orb of fire
 80187 | Zot:5    | Noticed an ancient lich
 80192 | Zot:5    | Killed an ancient lich
 80192 | Zot:5    | Lost mutation: You are clumsy. (Dex -2) [an orb of fire]
 80201 | Zot:5    | Killed an orb of fire
 80201 | Zot:5    | Gained mutation: Your body often deteriorates upon taking damage. [an orb of fire]
 80201 | Zot:5    | Gained mutation: You expend magic power (3 MP) to strengthen your wands. [an orb of fire]
 80205 | Zot:5    | Gained mutation: Your magical capacity is low (-10% MP). [an orb of fire]
 80205 | Zot:5    | Gained mutation: You are extremely frail (-30% HP). [an orb of fire]
 80215 | Zot:5    | Gained mutation: Scrolls take you a little longer to read. [an orb of fire]
 80218 | Zot:5    | Killed from afar by an orb of fire

Skill      XL: |  1  2  3  4  5  6  7  8  9 10 11 12 13 14 15 16 17 18 19 20 21 22 23 24 25 26 27 |
---------------+----------------------------------------------------------------------------------+-----
Fighting       | 3 4 5 7 8 9 11 12 13 14 15 16 17 18 19 20 21 22 26 | 26.6
Crossbows      | 5 6 7 8 9 10 11 12 13 14 15 16 17 18 19 20 22 | 22.2
Dodging        | 3 4 5 6 7 8 10 11 12 13 14 15 16 17 18 19 20 22 | 22.2
Armour         | 1 2 3 4 6 7 9 10 11 13 14 15 16 17 18 19 21 23 24 26 | 26.0
Invocations    | 1 2 4 5 6 8 9 10 11 12 13 14 15 16 17 18 19 20 | 20.0
Evocations     | 4 6 7 |  7.0
Spellcasting   | 3 10 | 10.0
Necromancy     | 2 5 6 |  6.0
Translocations | 2 3 6 8 |  8.0
Hexes          | 2 5 8 9 |  9.3
Charms         | 2 5 7 8 9 |  9.3
Air Magic      | 3 |  3.0
Stealth        | |  0.7

Action                   |  1- 3 |  4- 6 |  7- 9 | 10-12 | 13-15 | 16-18 | 19-21 | 22-24 | 25-27 || total
-------------------------+-------+-------+-------+-------+-------+-------+-------+-------+-------++-------
Melee: Short sword       |    94 |     4 |       |       |       |       |       |       |       ||    98
       Headbutt          |    13 |    31 |    95 |   215 |   365 |   338 |   394 |   270 |   450 ||  2171
       Quarterstaff      |       |   144 |   313 |   542 |   338 |       |       |       |       ||  1337
       Hand axe          |       |    19 |       |       |       |       |       |       |       ||    19
       Battleaxe         |       |       |       |       |   244 |       |       |       |       ||   244
       Great mace        |       |       |       |       |   335 |   919 |  1018 |   645 |  1085 ||  4002
       Demon whip        |       |       |       |       |    18 |       |       |       |       ||    18
 Fire: Hand crossbow     |       |     3 |     4 |       |       |       |       |       |       ||     7
       Arbalest          |       |       |       |    14 |    27 |   161 |    90 |   620 |   776 ||  1688
 Cast: Regeneration      |       |       |       |       |       |       |       |     1 |    26 ||    27
       Spectral Weapon   |       |       |       |       |       |       |       |       |    32 ||    32
       Repel Missiles    |       |       |       |       |       |       |       |       |     1 ||     1
       Passage of Golubr |       |       |       |       |       |       |       |       |     1 ||     1
Invok: Slouch            |       |       |       |     1 |     5 |    11 |     9 |    15 |    15 ||    56
       Step From Time    |       |       |       |       |       |       |       |     1 |       ||     1
Evoke: Wand              |       |       |       |       |     1 |       |       |       |     3 ||     4
       Phantom mirror    |       |       |       |       |       |       |       |       |     2 ||     2
  Use: Scroll            |       |    10 |     6 |    11 |     9 |     5 |    14 |     4 |    23 ||    82
       Potion            |       |       |       |       |     1 |     5 |     1 |     1 |    13 ||    21
 Stab: Petrifying        |       |     1 |       |       |       |       |       |       |       ||     1
       Sleeping          |       |       |       |     5 |    13 |       |       |       |       ||    18
       Distracted        |       |       |       |     1 |     3 |       |     1 |       |     4 ||     9
  Eat: Chunk             |     3 |     7 |     7 |    19 |    24 |    25 |    23 |    22 |    22 ||   152
       Beef jerky        |       |       |     1 |       |       |       |       |       |       ||     1
       Fruit             |       |       |       |     3 |       |       |       |       |       ||     3
       Bread ration      |       |       |       |       |       |       |       |       |     2 ||     2
       Pizza             |       |       |       |       |       |       |       |       |     1 ||     1
Armor: Leather armour    |    20 |       |       |       |       |       |       |       |       ||    20
       Scale mail        |    21 |   108 |   207 |   153 |   236 |       |       |       |       ||   725
       Plate armour      |       |       |       |    22 |   102 |   835 |   636 |   636 |     3 ||  2234
       Troll hide        |       |       |       |     4 |       |       |       |       |       ||     4
       Skin              |       |       |       |       |    39 |       |       |       |    57 ||    96
       Gold dragon armou |       |       |       |       |       |       |       |       |  1096 ||  1096
Dodge: Dodged            |    66 |   108 |   326 |   795 |  1706 |  2628 |  2312 |  1929 |  3254 || 13124
       Deflected         |       |       |       |       |       |       |       |       |    12 ||    12
